Blackdemons vs Mustangs

Created - November 2, 2018 at 19:08

Goals
1 2 3 T
Blackdemons 0 2 0 2
Mustangs 0 2 1 3
Shots
1 2 3 T
Blackdemons 15 8 10 33
Mustangs 10 15 10 35

1st period

No Goal

Penalties :
Sergei Plotnikov (MJM) for Slashing (Double Minor) at 5:43

2nd period

1. Blackdemons , Martin Hanzal 5 (Alexei Morozov 6) at 0:21
2. Mustangs , Andrew Shaw 4 (Tomas Tatar 5, Jim O'Brien 2) at 3:14
3. Blackdemons , Patrice Cormier 1 (Alexandre Grenier 4, Sergei Plotnikov 4) at 12:27
4. Mustangs , JT Compher 4 (Eric Knodel 2, Chet Pickard) at 13:38

Penalties :
Blake Pietila (MJM) for Hooking (Minor) at 3:27, Ben Harpur (Ham) for Holding (Minor) at 5:48, Alexandre Grenier (MJM) for Hooking (Minor) at 9:38, Jerome Samson (Ham) for Slashing (Minor) at 17:13

3rd period

5. Mustangs , Jerome Samson 2 (Joshua Leivo 6, Derek Joslin 2) at 1:22

Penalties :
Nicolas Petan (Ham) for Hooking (Minor) at 11:30

Goalie Stats

Matt Hackett (MJM), 32 saves from 35 shots - (0.914), L, 5-1-0, 58:45 minutes
Chet Pickard (Ham), 31 saves from 33 shots - (0.939), W, 5-0-1, 60:00 minutes

Players Stats for Blackdemons

Player Name              G  A  P  +/- PIM S  H  SB GA TA FO     MP     PP MP  PK MP  
------------------------------------------------------------------------------------
Alexandre Grenier        0  1  1   0  2   3  3  0  1  1  1/1    15:32   0:00   1:51 
Alexei Morozov           0  1  1  -1  0   2  0  2  3  1  2/2    22:06   3:03   3:24 
Blake Pietila            0  0  0  -1  2   1  1  0  0  0  1/2    19:07   2:54   1:45 
Brett Kulak              0  0  0  -1  0   0  0  0  0  0  0/0    10:20   0:00   0:00 
Hudson Fasching          0  0  0   0  0   0  1  0  1  0  0/0    10:16   2:54   0:00 
Jeffrey Foss             0  0  0   0  0   0  0  1  0  1  0/0     8:05   0:00   3:01 
Keaton Ellerby           0  0  0  -1  0   4  2  1  0  1  0/0    22:56   3:03   4:38 
Kyle Rau                 0  0  0   0  0   0  1  0  0  0  1/1    10:04   0:00   2:37 
Ladislav Nagy            0  0  0   0  0   0  1  0  0  0  0/1    12:09   2:54   0:39 
Martin Hanzal            1  0  1  -1  0   6  3  0  1  0  14/29  18:30   2:54   0:00 
Mathew Dumba             0  0  0  -1  0   0  1  2  0  1  0/0    16:24   2:54   0:03 
Max Friberg              0  0  0   0  0   1  1  0  0  0  0/0     9:33   0:09   0:00 
Nathan Paetsch           0  0  0   1  0   0  3  2  0  0  0/0    19:23   2:54   0:00 
Patrice Cormier          1  0  1   0  0   6  1  0  0  0  11/16  19:39   3:03   3:24 
Roman Josi               0  0  0   1  0   1  1  0  0  1  0/0    23:13   3:03   3:57 
Scott Timmins            0  0  0   0  0   3  1  0  0  0  5/7    11:08   0:00   1:17 
Sergei Plotnikov         0  1  1   0  4   3  1  0  1  0  0/0    14:33   0:00   0:57 
Tommy Vannelli           0  0  0   0  0   0  0  0  0  0  0/0     5:50   0:00   1:14 
Yannick Weber            0  0  0  -1  0   0  0  0  0  0  0/0    13:49   0:00   3:01 
Zachary Sanford          0  0  0   0  0   3  1  0  0  0  0/0     9:23   0:00   0:00 

Players Stats for Mustangs

Player Name              G  A  P  +/- PIM S  H  SB GA TA FO     MP     PP MP  PK MP  
------------------------------------------------------------------------------------
Alexei Marchenko         0  0  0   1  0   0  0  1  0  1  0/0    18:58   3:29   2:24 
Andreas Athanasiou       0  0  0   0  0   0  4  0  0  0  2/4    12:30   0:15   0:24 
Andrew Shaw              1  0  1   1  0   6  1  0  2  0  1/4    20:51   3:43   1:00 
Ben Harpur               0  0  0   1  2   0  1  1  0  1  0/0     8:43   0:00   0:00 
Curtis Hamilton          0  0  0   0  0   0  1  0  0  0  0/0     7:35   0:15   0:19 
Dakota Mermis            0  0  0   0  0   0  0  0  0  0  0/0     5:13   0:00   0:00 
Derek Joslin             0  1  1  -1  0   2  1  0  0  2  0/0    26:41   3:59   3:33 
Eric Knodel              0  1  1   1  0   1  1  0  0  1  0/0     9:08   0:29   0:00 
Francis Paré             0  0  0   0  0   2  2  0  0  0  0/0    11:51   0:00   0:00 
Jerome Samson            1  0  1   0  2   4  1  0  0  0  0/0    14:09   3:09   0:00 
Jim O'Brien              0  1  1   1  0   4  1  0  1  1  12/29  23:21   4:03   2:55 
Joshua Leivo             0  1  1   0  0   1  2  1  0  0  0/0    16:41   3:07   2:43 
JT Compher               1  0  1   0  0   3  1  0  1  0  0/0    11:51   0:00   0:00 
Kurtis Gabriel           0  0  0   0  0   0  0  0  0  0  0/0     0:46   0:46   0:00 
Mark Pysyk               0  0  0  -1  0   2  2  1  1  1  0/0    26:41   3:59   3:33 
Matthew Finn             0  0  0   0  0   1  0  0  0  0  0/0     5:13   0:00   0:00 
Max Gortz                0  0  0   0  0   2  0  1  0  0  0/0     7:33   0:32   0:00 
Michael McCarron         0  0  0   0  0   0  0  0  0  0  0/0     0:00   0:00   0:00 
Nicolas Petan            0  0  0   0  2   0  0  0  1  0  3/6     7:02   0:00   0:00 
Raphael Bussieres        0  0  0   0  0   0  0  0  0  0  0/2     1:38   0:00   1:38 
Riley Nash               0  0  0   0  0   0  0  0  0  0  2/8    13:56   3:07   0:00 
Ryan Graves              0  0  0   0  0   0  0  0  0  0  0/0     1:17   0:36   0:00 
Sam Kurker               0  0  0   0  0   0  0  0  0  0  0/0     0:51   0:51   0:00 
Scott Mayfield           0  0  0   1  0   2  1  1  0  0  0/0    18:10   3:22   2:24 
Tomas Tatar              0  1  1   1  0   5  2  0  0  0  4/6    23:21   4:03   2:55 

3 Stars

1 - Andrew Shaw (Ham)
2 - Chet Pickard (Ham)
3 - JT Compher (Ham)

Power Play

Blackdemons - 0 on 3 Attempt(s) - 0.00%
Mustangs - 0 on 4 Attempt(s) - 0.00%

Penalty Kill

Blackdemons - 4 on 4 Attempt(s) - 100.00% - Score 0 goal in Penalty Kill
Mustangs - 3 on 3 Attempt(s) - 100.00% - Score 0 goal in Penalty Kill

Team Stat

Blackdemons - Hits : 22 - Faceoff Wins : 35 - Blocked Shots : 8 - Penalty Minutes : 8
Mustangs - Hits : 21 - Faceoff Wins : 24 - Blocked Shots : 6 - Penalty Minutes : 6

Official

Referees : Unknown
Linesman : Unknown

Game Notes

No Game Note

Finance

Level 1 -- Attendance: 1560 (78.00%) -- Ticket Income $62,400
Level 2 -- Attendance: 754 (75.40%) -- Ticket Income $15,080
Total Attendance: 2314 (77.13%)
Total Ticket Income: $77,480
Other Income: $3,874
Total Income: $81,354

Blackdemons

5 vs 5 Forward 
   Center                   Left Wing                Right Wing               Time % Phy DF OF 
 1 Martin Hanzal            Blake Pietila            Alexei Morozov           40     0   1  4  
 2 Patrice Cormier          Sergei Plotnikov         Alexandre Grenier        35     0   1  3  
 3 Scott Timmins            Zachary Sanford          Max Friberg              15     0   2  3  
 4 Kyle Rau                 Ladislav Nagy            Hudson Fasching          10     0   1  4  

5 vs 5 Defense 
   Defense                  Defense                                           Time % Phy DF OF 
 1 Nathan Paetsch           Roman Josi                                        36     0   4  1  
 2 Keaton Ellerby           Mathew Dumba                                      32     0   4  1  
 3 Yannick Weber            Brett Kulak                                       22     0   5  0  
 4 Jeffrey Foss             Tommy Vannelli                                    10     0   5  0  

PowerPlay Forward 
   Center                   Left Wing                Right Wing               Time % Phy DF OF 
 1 Patrice Cormier          Blake Pietila            Alexei Morozov           50     0   0  5  
 2 Martin Hanzal            Ladislav Nagy            Hudson Fasching          50     0   0  5  

PowerPlay Defense
   Defense                  Defense                                           Time % Phy DF OF 
 1 Nathan Paetsch           Mathew Dumba                                      50     0   1  4  
 2 Keaton Ellerby           Roman Josi                                        50     0   1  4  

Penalty Kill 4 Players Forward 
   Center                   Wing                     Time % Phy DF OF 
 1 Patrice Cormier          Alexei Morozov           60     0   5  0  
 2 Kyle Rau                 Alexandre Grenier        40     0   5  0  

Penalty Kill 4 Players Defense
   Defense                  Defense                  Time % Phy DF OF 
 1 Keaton Ellerby           Roman Josi               60     0   5  0  
 2 Yannick Weber            Jeffrey Foss             40     0   5  0  

Penalty Kill - 3 Players Forward 
   Forward                                           Time % Phy DF OF 
 1 Alexei Morozov                                    60     0   5  0  
 2 Martin Hanzal                                     40     0   5  0  

Penalty Kill - 3 Players Defense
   Defense                  Defense                  Time % Phy DF OF 
 1 Nathan Paetsch           Keaton Ellerby           60     0   5  0  
 2 Jeffrey Foss             Roman Josi               40     0   5  0  

4 vs 4 Forward 
   Center                   Wing                     Time % Phy DF OF 
 1 Alexei Morozov           Martin Hanzal            50     1   2  2  
 2 Ladislav Nagy            Patrice Cormier          50     1   2  2  

4 vs 4 Defense
   Defense                  Defense                  Time % Phy DF OF 
 1 Mathew Dumba             Keaton Ellerby           50     1   2  2  
 2 Yannick Weber            Nathan Paetsch           50     1   2  2  

Last Minutes Offensive
   Center                   Left Wing                Right Wing               Defense                  Defense                  
   Martin Hanzal            Ladislav Nagy            Alexei Morozov           Nathan Paetsch           Keaton Ellerby           

Last Minutes Defensive
   Center                   Left Wing                Right Wing               Defense                  Defense                  
   Martin Hanzal            Ladislav Nagy            Alexei Morozov           Nathan Paetsch           Keaton Ellerby           

Goaltenders
Starting : Matt Hackett             
Backup : Laurent Brossoit         

Extra Forwards
Normal : Max Friberg, Scott Timmins, Blake Pietila - PP : Max Friberg, Scott Timmins - PK : Blake Pietila
Extra Defensemen
Normal : Yannick Weber, Roman Josi, Jeffrey Foss - PP : Yannick Weber - PK : Roman Josi, Jeffrey Foss
Penalty Shots
Alexei Morozov, Martin Hanzal, Ladislav Nagy, Sergei Plotnikov, Zachary Sanford

Scratches
Colin Smith (Healthy), Charles-Olivier Roussel (Healthy), Klas Dahlbeck (Healthy), Remi Elie (Healthy), Jyrki Jokipakka (Healthy)
Mackenzie MacEachern (Healthy), Artturi Lehkonen (Healthy), Ben Maxwell (Healthy), Nicolas Deschamps (Healthy), Angelo Esposito (Healthy)
Jacob Lagacé (Healthy), James Livingstone (Healthy), Ebbe Siönäs (Healthy), Sami Aittokallio (Healthy), Jeremy Smith (Healthy)

Mustangs

5 vs 5 Forward 
   Center                   Left Wing                Right Wing               Time % Phy DF OF 
 1 Jim O'Brien              Tomas Tatar              Andrew Shaw              40     1   2  2  
 2 Riley Nash               Joshua Leivo             Jerome Samson            30     1   2  2  
 3 Andreas Athanasiou       JT Compher               Francis Paré             20     1   2  2  
 4 Nicolas Petan            Curtis Hamilton          Max Gortz                10     1   2  2  

5 vs 5 Defense 
   Defense                  Defense                                           Time % Phy DF OF 
 1 Derek Joslin             Mark Pysyk                                        40     1   2  2  
 2 Alexei Marchenko         Scott Mayfield                                    30     1   2  2  
 3 Eric Knodel              Ben Harpur                                        20     1   2  2  
 4 Dakota Mermis            Matthew Finn                                      10     1   2  2  

PowerPlay Forward 
   Center                   Left Wing                Right Wing               Time % Phy DF OF 
 1 Jim O'Brien              Tomas Tatar              Andrew Shaw              60     1   2  2  
 2 Riley Nash               Joshua Leivo             Jerome Samson            40     1   2  2  

PowerPlay Defense
   Defense                  Defense                                           Time % Phy DF OF 
 1 Derek Joslin             Mark Pysyk                                        60     1   2  2  
 2 Alexei Marchenko         Scott Mayfield                                    40     1   2  2  

Penalty Kill 4 Players Forward 
   Center                   Wing                     Time % Phy DF OF 
 1 Tomas Tatar              Jim O'Brien              60     1   2  2  
 2 Andrew Shaw              Joshua Leivo             40     1   2  2  

Penalty Kill 4 Players Defense
   Defense                  Defense                  Time % Phy DF OF 
 1 Derek Joslin             Mark Pysyk               60     1   2  2  
 2 Alexei Marchenko         Scott Mayfield           40     1   2  2  

Penalty Kill - 3 Players Forward 
   Forward                                           Time % Phy DF OF 
 1 Tomas Tatar                                       60     1   2  2  
 2 Jim O'Brien                                       40     1   2  2  

Penalty Kill - 3 Players Defense
   Defense                  Defense                  Time % Phy DF OF 
 1 Derek Joslin             Mark Pysyk               60     1   2  2  
 2 Alexei Marchenko         Scott Mayfield           40     1   2  2  

4 vs 4 Forward 
   Center                   Wing                     Time % Phy DF OF 
 1 Tomas Tatar              Jim O'Brien              60     1   2  2  
 2 Andrew Shaw              Joshua Leivo             40     1   2  2  

4 vs 4 Defense
   Defense                  Defense                  Time % Phy DF OF 
 1 Derek Joslin             Mark Pysyk               60     1   2  2  
 2 Alexei Marchenko         Scott Mayfield           40     1   2  2  

Last Minutes Offensive
   Center                   Left Wing                Right Wing               Defense                  Defense                  
   Jim O'Brien              Tomas Tatar              Andrew Shaw              Derek Joslin             Mark Pysyk               

Last Minutes Defensive
   Center                   Left Wing                Right Wing               Defense                  Defense                  
   Jim O'Brien              Tomas Tatar              Andrew Shaw              Derek Joslin             Mark Pysyk               

Goaltenders
Starting : Chet Pickard             
Backup : Joacim Eriksson          

Extra Forwards
Normal : Kurtis Gabriel, Sam Kurker, Raphael Bussieres - PP : Kurtis Gabriel, Sam Kurker - PK : Raphael Bussieres
Extra Defensemen
Normal : Ryan Graves, Eric Knodel, Ben Harpur - PP : Ryan Graves - PK : Eric Knodel, Ben Harpur
Penalty Shots
Tomas Tatar, Jim O'Brien, Andrew Shaw, Joshua Leivo, Jerome Samson

Scratches
Danny Biega (Strained Right Knee Injury), Eric Comrie (Healthy)

% Time on Ice - Blackdemons

Lines # - Real PCT - Wanted PCT - Time Play
Normal Forward
1 - 32% - 40% - 14:28
2 - 30% - 35% - 13:39
3 - 21% - 15% - 9:23
4 - 16% - 10% - 7:22
Normal Defense
1 - 35% - 36% - 15:49
2 - 31% - 32% - 14:07
3 - 23% - 22% - 10:20
4 - 10% - 10% - 4:36
PP Forward
1 - 51% - 50% - 3:03
2 - 49% - 50% - 2:54
PP Defense
1 - 49% - 50% - 2:54
2 - 51% - 50% - 3:03
PK Forward
1 - 67% - 60% - 5:20
2 - 33% - 40% - 2:37
PK Defense
1 - 62% - 60% - 4:56
2 - 38% - 40% - 3:01
PK3 Forward
1 - 0% - 60%
2 - 0% - 40%
PK3 Defense
1 - 0% - 60%
2 - 0% - 40%
44 Forward
1 - 0% - 50%
2 - 0% - 50%
44 Defense
1 - 0% - 50%
2 - 0% - 50%
Last Minute Offensive  - 1:14
Last Minute Defensive  - 0:00
Total
Forward - 60:00
Defense - 60:00

% Time on Ice - Mustangs

Lines # - Real PCT - Wanted PCT - Time Play
Normal Forward
1 - 34% - 40% - 15:09
2 - 24% - 30% - 10:51
3 - 26% - 20% - 11:51
4 - 16% - 10% - 7:01
Normal Defense
1 - 40% - 40% - 17:55
2 - 29% - 30% - 13:05
3 - 19% - 20% - 8:39
4 - 12% - 10% - 5:13
PP Forward
1 - 54% - 60% - 4:18
2 - 46% - 40% - 3:39
PP Defense
1 - 56% - 60% - 4:28
2 - 44% - 40% - 3:29
PK Forward
1 - 83% - 60% - 4:57
2 - 17% - 40% - 1:00
PK Defense
1 - 60% - 60% - 3:33
2 - 40% - 40% - 2:24
PK3 Forward
1 - 0% - 60%
2 - 0% - 40%
PK3 Defense
1 - 0% - 60%
2 - 0% - 40%
44 Forward
1 - 0% - 60%
2 - 0% - 40%
44 Defense
1 - 0% - 60%
2 - 0% - 40%
Last Minute Offensive  - 0:00
Last Minute Defensive  - 1:14
Total
Forward - 60:00
Defense - 60:00

Play by Play

1st period


0:01 of 1st period - Martin Hanzal wins face-off versus Jim O'Brien in neutral zone.
0:12 of 1st period - Snap shot by Andrew Shaw.
0:12 of 1st period - Stopped by Matt Hackett with a rebound.
0:14 of 1st period - Slapshot by Jim O'Brien.
0:14 of 1st period - Shot Misses the Net.
0:51 of 1st period - Snap shot by Zachary Sanford.
0:51 of 1st period - Stopped by Chet Pickard without a rebound.
0:52 of 1st period - Scott Timmins wins face-off versus Nicolas Petan in Mustangs zone.
0:57 of 1st period - Backhand shot by Scott Timmins.
0:57 of 1st period - Stopped by Chet Pickard without a rebound.
0:58 of 1st period - Nicolas Petan wins face-off versus Ladislav Nagy in Mustangs zone.
1:22 of 1st period - Off-side.
1:23 of 1st period - Jim O'Brien wins face-off versus Patrice Cormier in neutral zone.
1:25 of 1st period - Off-side.
1:26 of 1st period - Alexandre Grenier wins face-off versus Andrew Shaw in neutral zone.
1:33 of 1st period - Wrist shot by Alexandre Grenier.
1:33 of 1st period - Stopped by Chet Pickard with a rebound.
1:53 of 1st period - Wrist shot by Alexei Morozov.
1:53 of 1st period - Deflect By Martin Hanzal.
1:53 of 1st period - Stopped by Chet Pickard without a rebound.
1:54 of 1st period - Martin Hanzal wins face-off versus Riley Nash in Mustangs zone.
2:39 of 1st period - Wrist shot by Jim O'Brien.
2:39 of 1st period - Shot Misses the Net.
2:41 of 1st period - Slapshot by Alexei Marchenko.
2:41 of 1st period - Shot Misses the Net.
2:43 of 1st period - Snap shot by Jim O'Brien.
2:43 of 1st period - Stopped by Matt Hackett with a rebound.
3:39 of 1st period - Ben Harpur is hit by Roman Josi and loses puck.
4:04 of 1st period - Wrist shot by Tomas Tatar.
4:04 of 1st period - Shot Misses the Net.
4:06 of 1st period - Slapshot by Scott Mayfield.
4:06 of 1st period - Shot Misses the Net.
5:02 of 1st period - Wrist shot by Max Friberg.
5:02 of 1st period - Stopped by Chet Pickard with a rebound.
5:14 of 1st period - Wrist shot by Francis Paré.
5:14 of 1st period - Shot Misses the Net.
5:16 of 1st period - Snap shot by Francis Paré.
5:16 of 1st period - Stopped by Matt Hackett without a rebound.
5:17 of 1st period - Jim O'Brien wins face-off versus Martin Hanzal in Blackdemons zone.
5:43 of 1st period - Double Minor Penalty to Sergei Plotnikov for Slashing.
5:44 of 1st period - Patrice Cormier wins face-off versus Jim O'Brien in Blackdemons zone.
7:23 of 1st period - Joshua Leivo is hit by Alexandre Grenier and loses puck.
7:42 of 1st period - Alexei Marchenko is hit by Ladislav Nagy and loses puck.
7:57 of 1st period - Mark Pysyk is hit by Patrice Cormier and loses puck.
9:03 of 1st period - Tommy Vannelli is hit by Andreas Athanasiou and loses puck.
9:26 of 1st period - Derek Joslin is hit by Blake Pietila and loses puck.
9:43 of 1st period - Penalty to Sergei Plotnikov is over, Sergei Plotnikov is back on ice.
10:16 of 1st period - Patrice Cormier is hit by JT Compher and loses puck.
10:23 of 1st period - Slapshot by Francis Paré.
10:23 of 1st period - Stopped by Matt Hackett without a rebound.
10:24 of 1st period - Nicolas Petan wins face-off versus Martin Hanzal in Blackdemons zone.
10:29 of 1st period - Snap shot by Max Gortz.
10:29 of 1st period - Stopped by Matt Hackett without a rebound.
10:30 of 1st period - Nicolas Petan wins face-off versus Martin Hanzal in Blackdemons zone.
10:35 of 1st period - Snap shot by Curtis Hamilton.
10:35 of 1st period - Shot Misses the Net.
10:37 of 1st period - Backhand shot by Eric Knodel.
10:37 of 1st period - Stopped by Matt Hackett without a rebound.
10:38 of 1st period - Alexei Morozov wins face-off versus Jim O'Brien in Blackdemons zone.
10:38 of 1st period - Alexei Morozov is hit by Tomas Tatar.
10:44 of 1st period - Slapshot by Keaton Ellerby.
10:44 of 1st period - Stopped by Chet Pickard without a rebound.
10:45 of 1st period - Jim O'Brien wins face-off versus Martin Hanzal in Mustangs zone.
10:52 of 1st period - Snap shot by Martin Hanzal.
10:52 of 1st period - Shot Misses the Net.
10:54 of 1st period - Snap shot by Alexei Morozov.
10:54 of 1st period - Stopped by Chet Pickard without a rebound.
10:55 of 1st period - Jim O'Brien wins face-off versus Martin Hanzal in Mustangs zone.
11:00 of 1st period - Snap shot by Andrew Shaw.
11:00 of 1st period - Shot Misses the Net.
11:02 of 1st period - Snap shot by Andrew Shaw.
11:02 of 1st period - Shot Misses the Net.
11:04 of 1st period - Wrist shot by Tomas Tatar.
11:04 of 1st period - Stopped by Matt Hackett without a rebound.
11:05 of 1st period - Martin Hanzal wins face-off versus Jim O'Brien in Blackdemons zone.
11:05 of 1st period - Martin Hanzal is hit by Andrew Shaw.
11:27 of 1st period - Slapshot by Tomas Tatar.
11:27 of 1st period - Shot Blocked by Mathew Dumba.
11:29 of 1st period - Slapshot by Mark Pysyk.
11:29 of 1st period - Shot Misses the Net.
11:31 of 1st period - Slapshot by Mark Pysyk.
11:31 of 1st period - Stopped by Matt Hackett with a rebound.
11:33 of 1st period - Slapshot by Derek Joslin.
11:33 of 1st period - Shot Blocked by Alexei Morozov.
11:35 of 1st period - Slapshot by Mark Pysyk.
11:35 of 1st period - Stopped by Matt Hackett without a rebound.
11:36 of 1st period - Patrice Cormier wins face-off versus Riley Nash in Blackdemons zone.
11:36 of 1st period - Patrice Cormier is hit by Scott Mayfield.
11:46 of 1st period - Wrist shot by Roman Josi.
11:46 of 1st period - Shot Blocked by Joshua Leivo.
12:02 of 1st period - Roman Josi is hit by Francis Paré.
12:12 of 1st period - Slapshot by Scott Timmins.
12:12 of 1st period - Stopped by Chet Pickard with a rebound.
13:10 of 1st period - Snap shot by Joshua Leivo.
13:10 of 1st period - Stopped by Matt Hackett without a rebound.
13:11 of 1st period - Patrice Cormier wins face-off versus Jim O'Brien in Blackdemons zone.
13:11 of 1st period - Patrice Cormier is hit by Jim O'Brien.
13:45 of 1st period - Snap shot by Martin Hanzal.
13:45 of 1st period - Stopped by Chet Pickard without a rebound.
13:46 of 1st period - Martin Hanzal wins face-off versus Jim O'Brien in Mustangs zone.
13:47 of 1st period - Snap shot by Alexei Morozov.
13:47 of 1st period - Shot Misses the Net.
13:55 of 1st period - Snap shot by Alexei Morozov.
13:55 of 1st period - Shot Misses the Net.
13:57 of 1st period - Snap shot by Blake Pietila.
13:57 of 1st period - Stopped by Chet Pickard with a rebound.
14:52 of 1st period - Alexei Marchenko is hit by Nathan Paetsch and loses puck.
15:11 of 1st period - Wrist shot by Francis Paré.
15:11 of 1st period - Shot Blocked by Mathew Dumba.
15:13 of 1st period - Slapshot by Alexei Marchenko.
15:13 of 1st period - Shot Misses the Net.
16:30 of 1st period - Wrist shot by Riley Nash.
16:30 of 1st period - Shot Misses the Net.
16:32 of 1st period - Backhand shot by Mark Pysyk.
16:32 of 1st period - Shot Misses the Net.
16:48 of 1st period - Slapshot by Alexandre Grenier.
16:48 of 1st period - Deflect By Patrice Cormier.
16:48 of 1st period - Stopped by Chet Pickard without a rebound.
16:49 of 1st period - Patrice Cormier wins face-off versus Jim O'Brien in Mustangs zone.
17:04 of 1st period - Snap shot by Alexandre Grenier.
17:04 of 1st period - Shot Blocked by Ben Harpur.
17:06 of 1st period - Wrist shot by Patrice Cormier.
17:06 of 1st period - Stopped by Chet Pickard without a rebound.
17:07 of 1st period - Martin Hanzal wins face-off versus Riley Nash in Mustangs zone.
18:59 of 1st period - Snap shot by Patrice Cormier.
18:59 of 1st period - Stopped by Chet Pickard with a rebound.
19:01 of 1st period - Slapshot by Keaton Ellerby.
19:01 of 1st period - Stopped by Chet Pickard with a rebound.
19:03 of 1st period - Wrist shot by Keaton Ellerby.
19:03 of 1st period - Stopped by Chet Pickard with a rebound.
19:24 of 1st period - Slapshot by Max Friberg.
19:24 of 1st period - Shot Misses the Net.
19:56 of 1st period - Kyle Rau is hit by Andreas Athanasiou and loses puck.
Goals for this period are 0 for Blackdemons vs 0 for Mustangs.
Shots for this period are 15 for Blackdemons vs 10 for Mustangs.

2nd period


0:01 of 2nd period - Jim O'Brien wins face-off versus Martin Hanzal in neutral zone.
0:08 of 2nd period - Slapshot by Andrew Shaw.
0:08 of 2nd period - Stopped by Matt Hackett without a rebound.
0:09 of 2nd period - Alexei Morozov wins face-off versus Andrew Shaw in Blackdemons zone.
0:16 of 2nd period - Derek Joslin is hit by Martin Hanzal and loses puck.
0:21 of 2nd period - Snap shot by Martin Hanzal.
0:21 of 2nd period - Goal by Martin Hanzal - Blackdemons : 1 - Mustangs : 0.
0:22 of 2nd period - Martin Hanzal wins face-off versus Tomas Tatar in neutral zone.
0:54 of 2nd period - Patrice Cormier is hit by Jerome Samson and loses puck.
1:06 of 2nd period - Icing by Matthew Finn.
1:07 of 2nd period - Andreas Athanasiou wins face-off versus Scott Timmins in Mustangs zone.
1:32 of 2nd period - Jim O'Brien is hit by Martin Hanzal and loses puck.
1:53 of 2nd period - Wrist shot by Joshua Leivo.
1:53 of 2nd period - Shot Misses the Net.
2:32 of 2nd period - Zachary Sanford is hit by Andreas Athanasiou and loses puck.
3:03 of 2nd period - Icing by Alexei Marchenko.
3:04 of 2nd period - Tomas Tatar wins face-off versus Patrice Cormier in Mustangs zone.
3:08 of 2nd period - Icing by Andrew Shaw.
3:09 of 2nd period - Patrice Cormier wins face-off versus Jim O'Brien in Mustangs zone.
3:14 of 2nd period - Wrist shot by Andrew Shaw.
3:14 of 2nd period - Goal by Andrew Shaw - Blackdemons : 1 - Mustangs : 1.
3:15 of 2nd period - Martin Hanzal wins face-off versus Jim O'Brien in neutral zone.
3:27 of 2nd period - Minor Penalty to Blake Pietila for Hooking.
3:28 of 2nd period - Patrice Cormier wins face-off versus Tomas Tatar in Blackdemons zone.
3:42 of 2nd period - Wrist shot by Andrew Shaw.
3:42 of 2nd period - Stopped by Matt Hackett with a rebound.
3:54 of 2nd period - Patrice Cormier is hit by Joshua Leivo and loses puck.
4:57 of 2nd period - Slapshot by Derek Joslin.
4:57 of 2nd period - Stopped by Matt Hackett without a rebound.
4:58 of 2nd period - Jim O'Brien wins face-off versus Scott Timmins in Blackdemons zone.
5:27 of 2nd period - Penalty to Blake Pietila is over, Blake Pietila is back on ice.
5:34 of 2nd period - Icing by Keaton Ellerby.
5:35 of 2nd period - Scott Timmins wins face-off versus Andreas Athanasiou in Blackdemons zone.
5:35 of 2nd period - Scott Timmins is hit by Eric Knodel.
5:48 of 2nd period - Minor Penalty to Ben Harpur for Holding.
5:49 of 2nd period - Tomas Tatar wins face-off versus Patrice Cormier in Mustangs zone.
5:53 of 2nd period - Slapshot by Jim O'Brien.
5:53 of 2nd period - Stopped by Matt Hackett with a rebound.
5:55 of 2nd period - Snap shot by Jim O'Brien.
5:55 of 2nd period - Stopped by Matt Hackett with a rebound.
5:57 of 2nd period - Slapshot by Tomas Tatar.
5:57 of 2nd period - Shot Hit the Post.
5:59 of 2nd period - Slapshot by Derek Joslin.
5:59 of 2nd period - Shot Blocked by Nathan Paetsch.
6:01 of 2nd period - Snap shot by Jim O'Brien.
6:01 of 2nd period - Shot Misses the Net.
6:03 of 2nd period - Slapshot by Mark Pysyk.
6:03 of 2nd period - Deflect By Tomas Tatar.
6:03 of 2nd period - Stopped by Matt Hackett without a rebound.
6:04 of 2nd period - Tomas Tatar wins face-off versus Martin Hanzal in Blackdemons zone.
7:48 of 2nd period - Penalty to Ben Harpur is over, Ben Harpur is back on ice.
8:02 of 2nd period - Andreas Athanasiou is hit by Keaton Ellerby and loses puck.
8:34 of 2nd period - Snap shot by Zachary Sanford.
8:34 of 2nd period - Deflect By Scott Timmins.
8:34 of 2nd period - Stopped by Chet Pickard with a rebound.
9:06 of 2nd period - Snap shot by Tomas Tatar.
9:06 of 2nd period - Stopped by Matt Hackett with a rebound.
9:38 of 2nd period - Minor Penalty to Alexandre Grenier for Hooking.
9:39 of 2nd period - Patrice Cormier wins face-off versus Jim O'Brien in Blackdemons zone.
10:06 of 2nd period - Riley Nash is hit by Kyle Rau and loses puck.
10:15 of 2nd period - Snap shot by Jerome Samson.
10:15 of 2nd period - Stopped by Matt Hackett with a rebound.
11:28 of 2nd period - Icing by Mark Pysyk.
11:29 of 2nd period - Scott Timmins wins face-off versus Jim O'Brien in Mustangs zone.
11:38 of 2nd period - Penalty to Alexandre Grenier is over, Alexandre Grenier is back on ice.
11:46 of 2nd period - Snap shot by Martin Hanzal.
11:46 of 2nd period - Stopped by Chet Pickard with a rebound.
11:54 of 2nd period - Martin Hanzal is hit by Mark Pysyk and loses puck.
12:05 of 2nd period - Snap shot by Jerome Samson.
12:05 of 2nd period - Stopped by Matt Hackett without a rebound.
12:06 of 2nd period - Patrice Cormier wins face-off versus Riley Nash in Blackdemons zone.
12:06 of 2nd period - Patrice Cormier is hit by Ben Harpur.
12:13 of 2nd period - Off-side.
12:14 of 2nd period - Patrice Cormier wins face-off versus Riley Nash in neutral zone.
12:27 of 2nd period - Snap shot by Patrice Cormier.
12:27 of 2nd period - Goal by Patrice Cormier - Blackdemons : 2 - Mustangs : 1.
12:28 of 2nd period - Blake Pietila wins face-off versus Jim O'Brien in neutral zone.
12:55 of 2nd period - Slapshot by Sergei Plotnikov.
12:55 of 2nd period - Stopped by Chet Pickard with a rebound.
13:38 of 2nd period - Snap shot by JT Compher.
13:38 of 2nd period - Goal by JT Compher - Blackdemons : 2 - Mustangs : 2.
13:39 of 2nd period - Martin Hanzal wins face-off versus Jim O'Brien in neutral zone.
14:04 of 2nd period - Roman Josi is hit by Mark Pysyk and loses puck.
14:53 of 2nd period - Slapshot by Andrew Shaw.
14:53 of 2nd period - Deflect By Ladislav Nagy.
14:53 of 2nd period - Shot Misses the Net.
14:53 of 2nd period - Puck is out of play.
14:54 of 2nd period - Riley Nash wins face-off versus Martin Hanzal in Blackdemons zone.
15:03 of 2nd period - Snap shot by Joshua Leivo.
15:03 of 2nd period - Shot Blocked by Alexei Morozov.
15:05 of 2nd period - Wrist shot by Riley Nash.
15:05 of 2nd period - Shot Misses the Net.
15:19 of 2nd period - Jim O'Brien is hit by Nathan Paetsch and loses puck.
15:36 of 2nd period - Scott Mayfield is hit by Alexandre Grenier and loses puck.
16:13 of 2nd period - Tomas Tatar is hit by Zachary Sanford and loses puck.
16:53 of 2nd period - Wrist shot by Jim O'Brien.
16:53 of 2nd period - Stopped by Matt Hackett with a rebound.
16:55 of 2nd period - Slapshot by Tomas Tatar.
16:55 of 2nd period - Shot Blocked by Jeffrey Foss.
16:57 of 2nd period - Slapshot by Scott Mayfield.
16:57 of 2nd period - Stopped by Matt Hackett with a rebound.
16:59 of 2nd period - Slapshot by Scott Mayfield.
16:59 of 2nd period - Stopped by Matt Hackett with a rebound.
17:01 of 2nd period - Snap shot by Andrew Shaw.
17:01 of 2nd period - Deflect By Patrice Cormier.
17:01 of 2nd period - Stopped by Matt Hackett without a rebound.
17:02 of 2nd period - Martin Hanzal wins face-off versus Riley Nash in Blackdemons zone.
17:02 of 2nd period - Martin Hanzal is hit by Derek Joslin.
17:10 of 2nd period - Slapshot by Martin Hanzal.
17:10 of 2nd period - Stopped by Chet Pickard without a rebound.
17:11 of 2nd period - Riley Nash wins face-off versus Martin Hanzal in Mustangs zone.
17:13 of 2nd period - Minor Penalty to Jerome Samson for Slashing.
17:14 of 2nd period - Martin Hanzal wins face-off versus Raphael Bussieres in Mustangs zone.
17:20 of 2nd period - Snap shot by Martin Hanzal.
17:20 of 2nd period - Stopped by Chet Pickard without a rebound.
17:21 of 2nd period - Martin Hanzal wins face-off versus Raphael Bussieres in Mustangs zone.
17:36 of 2nd period - Derek Joslin is hit by Hudson Fasching and loses puck.
18:17 of 2nd period - Patrice Cormier is hit by Joshua Leivo and loses puck.
19:13 of 2nd period - Penalty to Jerome Samson is over, Jerome Samson is back on ice.
19:22 of 2nd period - Snap shot by Max Friberg.
19:22 of 2nd period - Shot Blocked by Scott Mayfield.
19:24 of 2nd period - Slapshot by Zachary Sanford.
19:24 of 2nd period - Stopped by Chet Pickard without a rebound.
19:25 of 2nd period - Scott Timmins wins face-off versus Andreas Athanasiou in Mustangs zone.
19:34 of 2nd period - Wrist shot by Zachary Sanford.
19:34 of 2nd period - Shot Misses the Net.
19:36 of 2nd period - Snap shot by Zachary Sanford.
19:36 of 2nd period - Shot Misses the Net.
Goals for this period are 2 for Blackdemons vs 2 for Mustangs.
Shots for this period are 8 for Blackdemons vs 15 for Mustangs.

3rd period


0:01 of 3rd period - Jim O'Brien wins face-off versus Martin Hanzal in neutral zone.
0:54 of 3rd period - Slapshot by Zachary Sanford.
0:54 of 3rd period - Shot Misses the Net.
0:56 of 3rd period - Snap shot by Keaton Ellerby.
0:56 of 3rd period - Stopped by Chet Pickard with a rebound.
1:10 of 3rd period - Slapshot by Alexei Morozov.
1:10 of 3rd period - Stopped by Chet Pickard with a rebound.
1:22 of 3rd period - Snap shot by Jerome Samson.
1:22 of 3rd period - Goal by Jerome Samson - Blackdemons : 2 - Mustangs : 3.
1:23 of 3rd period - Andrew Shaw wins face-off versus Martin Hanzal in neutral zone.
1:23 of 3rd period - Andrew Shaw is hit by Martin Hanzal.
1:59 of 3rd period - Wrist shot by Alexandre Grenier.
1:59 of 3rd period - Stopped by Chet Pickard without a rebound.
2:00 of 3rd period - Jim O'Brien wins face-off versus Patrice Cormier in Mustangs zone.
3:33 of 3rd period - Slapshot by Curtis Hamilton.
3:33 of 3rd period - Shot Misses the Net.
3:35 of 3rd period - Slapshot by Derek Joslin.
3:35 of 3rd period - Stopped by Matt Hackett without a rebound.
3:36 of 3rd period - Jim O'Brien wins face-off versus Martin Hanzal in Blackdemons zone.
3:39 of 3rd period - Wrist shot by Andrew Shaw.
3:39 of 3rd period - Deflect By Tomas Tatar.
3:39 of 3rd period - Stopped by Matt Hackett without a rebound.
3:40 of 3rd period - Jim O'Brien wins face-off versus Martin Hanzal in Blackdemons zone.
3:53 of 3rd period - Snap shot by Alexei Morozov.
3:53 of 3rd period - Shot Misses the Net.
3:55 of 3rd period - Snap shot by Alexei Morozov.
3:55 of 3rd period - Shot Blocked by Alexei Marchenko.
5:10 of 3rd period - Icing by Roman Josi.
5:11 of 3rd period - Kyle Rau wins face-off versus Nicolas Petan in Blackdemons zone.
5:11 of 3rd period - Kyle Rau is hit by Curtis Hamilton.
5:25 of 3rd period - Snap shot by Max Gortz.
5:25 of 3rd period - Stopped by Matt Hackett without a rebound.
5:26 of 3rd period - Martin Hanzal wins face-off versus Jim O'Brien in Blackdemons zone.
5:26 of 3rd period - Martin Hanzal is hit by Tomas Tatar.
5:42 of 3rd period - Slapshot by Andrew Shaw.
5:42 of 3rd period - Stopped by Matt Hackett with a rebound.
5:56 of 3rd period - Jerome Samson is hit by Mathew Dumba and loses puck.
6:26 of 3rd period - Icing by Andreas Athanasiou.
6:27 of 3rd period - Andreas Athanasiou wins face-off versus Martin Hanzal in Mustangs zone.
6:54 of 3rd period - Andreas Athanasiou is hit by Scott Timmins and loses puck.
7:13 of 3rd period - Andreas Athanasiou is hit by Alexandre Grenier and loses puck.
7:38 of 3rd period - Mathew Dumba is hit by Francis Paré and loses puck.
7:49 of 3rd period - Snap shot by Derek Joslin.
7:49 of 3rd period - Deflect By Andreas Athanasiou.
7:49 of 3rd period - Shot Blocked by Keaton Ellerby.
7:49 of 3rd period - Puck is out of play.
7:50 of 3rd period - Patrice Cormier wins face-off versus Jim O'Brien in Blackdemons zone.
7:59 of 3rd period - Wrist shot by Patrice Cormier.
7:59 of 3rd period - Stopped by Chet Pickard with a rebound.
9:23 of 3rd period - Slapshot by Sergei Plotnikov.
9:23 of 3rd period - Stopped by Chet Pickard with a rebound.
9:25 of 3rd period - Slapshot by Brett Kulak.
9:25 of 3rd period - Shot Misses the Net.
9:27 of 3rd period - Snap shot by Patrice Cormier.
9:27 of 3rd period - Stopped by Chet Pickard with a rebound.
11:30 of 3rd period - Minor Penalty to Nicolas Petan for Hooking.
11:31 of 3rd period - Tomas Tatar wins face-off versus Blake Pietila in Mustangs zone.
12:53 of 3rd period - Joshua Leivo is hit by Nathan Paetsch and loses puck.
13:30 of 3rd period - Penalty to Nicolas Petan is over, Nicolas Petan is back on ice.
13:37 of 3rd period - JT Compher is hit by Max Friberg.
13:41 of 3rd period - Snap shot by Zachary Sanford.
13:41 of 3rd period - Stopped by Chet Pickard with a rebound.
13:47 of 3rd period - Wrist shot by JT Compher.
13:47 of 3rd period - Stopped by Matt Hackett without a rebound.
13:48 of 3rd period - Scott Timmins wins face-off versus Nicolas Petan in Blackdemons zone.
14:20 of 3rd period - Snap shot by JT Compher.
14:20 of 3rd period - Stopped by Matt Hackett with a rebound.
15:17 of 3rd period - Snap shot by Sergei Plotnikov.
15:17 of 3rd period - Shot Blocked by Max Gortz.
15:43 of 3rd period - Wrist shot by JT Compher.
15:43 of 3rd period - Shot Misses the Net.
16:01 of 3rd period - Slapshot by Tomas Tatar.
16:01 of 3rd period - Stopped by Matt Hackett with a rebound.
16:03 of 3rd period - Wrist shot by Tomas Tatar.
16:03 of 3rd period - Shot Misses the Net.
16:05 of 3rd period - Slapshot by Matthew Finn.
16:05 of 3rd period - Stopped by Matt Hackett with a rebound.
17:35 of 3rd period - Keaton Ellerby is hit by Andreas Athanasiou and loses puck.
18:00 of 3rd period - Snap shot by Jerome Samson.
18:00 of 3rd period - Stopped by Matt Hackett without a rebound.
18:01 of 3rd period - Jim O'Brien wins face-off versus Patrice Cormier in Blackdemons zone.
18:04 of 3rd period - Snap shot by Jim O'Brien.
18:04 of 3rd period - Deflect By Tomas Tatar.
18:04 of 3rd period - Shot Blocked by Nathan Paetsch.
18:04 of 3rd period - Puck is out of play.
18:05 of 3rd period - Patrice Cormier wins face-off versus Andrew Shaw in Blackdemons zone.
18:26 of 3rd period - Francis Paré is hit by Sergei Plotnikov and loses puck.
18:33 of 3rd period - Snap shot by Sergei Plotnikov.
18:33 of 3rd period - Stopped by Chet Pickard with a rebound.
18:35 of 3rd period - Snap shot by Roman Josi.
18:35 of 3rd period - Stopped by Chet Pickard with a rebound.
18:45 of 3rd period - Blackdemons, Matt Hackett is pulled from the net.
18:45 of 3rd period - Wrist shot by Alexandre Grenier.
18:45 of 3rd period - Stopped by Chet Pickard without a rebound.
18:46 of 3rd period - Ron Wilson call a timeout for Blackdemons.
18:46 of 3rd period - Jim O'Brien wins face-off versus Martin Hanzal in Mustangs zone.
19:10 of 3rd period - Off-side.
19:11 of 3rd period - Martin Hanzal wins face-off versus Jim O'Brien in neutral zone.
19:18 of 3rd period - Snap shot by Alexei Morozov.
19:18 of 3rd period - Shot Misses the Net.
19:20 of 3rd period - Snap shot by Martin Hanzal.
19:20 of 3rd period - Deflect By Andrew Shaw.
19:20 of 3rd period - Shot Blocked by Mark Pysyk.
19:20 of 3rd period - Puck is out of play.
19:21 of 3rd period - Martin Hanzal wins face-off versus Jim O'Brien in Mustangs zone.
19:54 of 3rd period - Mark Pysyk is hit by Keaton Ellerby and loses puck.
Goals for this period are 0 for Blackdemons vs 1 for Mustangs.
Shots for this period are 10 for Blackdemons vs 10 for Mustangs.